Map: Jagannatha LE

Players

DisK - Winner!

  • Race: Protoss Protoss

Rob

  • Race: Protoss Protoss

Event: DreamHack SC2 Masters 2021 Fall

VOD

Have the link to the VOD?

Description

Time

  • Played on: Aug. 8, 2021, 4:37 p.m.
  • Length: 5:59

All games in this series

Show
View Real Time Build Order
Export as new Build Order

DisK Protoss - Winner!

Build Orders:  

Get SALT Encoding   

  12  0:00  Probe  
  13  0:12  Probe  
  14  0:17  Pylon  
  14  0:24  Probe  
  15  0:35  Gateway  
  15  0:38  Probe (Chrono Boost)  
  16  0:46  Probe (Chrono Boost)  
  16  0:49  Assimilator  
  17  0:52  Probe  
  17  0:56  Assimilator  
  18  1:04  Probe (Chrono Boost)  
  18  1:10  Gateway  
  19  1:14  Probe (Chrono Boost)  
  20  1:18  Probe (Chrono Boost)  
  21  1:26  Cybernetics Core  
  21  1:30  Probe  
  22  1:40  Pylon  
  22  1:42  Probe  
  23  1:58  Probe  
  23  2:00  Warp Gate (Chrono Boost)  
  24  2:02  Stalker x2  
  28  2:13  Pylon  
  28  2:24  Pylon  
  28  2:32  Stalker x2  
  32  2:43  Robotics Facility  
  32  2:52  Gateway  
  32  3:02  Stalker x2  
  36  3:12  Pylon  
  36  3:19  Shield Battery  
  36  3:28  Warp Prism (Chrono Boost)  
  37  3:42  Stalker  
  37  3:47  Stalker  
  41  3:56  Stalker  
  41  3:59  Observer  
  44  4:15  Pylon  
  43  4:35  Stalker x2  
  47  4:42  Stalker  
  49  4:46  Pylon  
  45  5:10  Probe  
  46  5:15  Stalker x3  
  52  5:22  Probe  
  47  5:38  Stalker  
  47  5:39  Stalker  
  47  5:40  Stalker  
Show
View Real Time Build Order
Export as new Build Order

Rob Protoss 

Build Orders: Oracle Opening 

Get SALT Encoding   

  12  0:00  Probe  
  13  0:12  Probe  
  14  0:17  Pylon  
  14  0:24  Probe (Chrono Boost)  
  15  0:36  Probe (Chrono Boost)  
  15  0:40  Gateway  
  16  0:44  Probe (Chrono Boost)  
  17  0:51  Probe  
  17  0:53  Assimilator  
  18  0:58  Assimilator  
  18  1:03  Probe (Chrono Boost)  
  19  1:09  Gateway  
  19  1:13  Probe (Chrono Boost)  
  19  1:18  Probe (Chrono Boost)  
  21  1:28  Cybernetics Core  
  21  1:29  Probe  
  22  1:41  Probe  
  22  1:42  Pylon  
  24  2:04  Stalker x2  
  24  2:05  Warp Gate  
  27  2:12  Pylon  
  27  2:28  Pylon  
  27  2:33  Stargate  
  27  2:35  Stalker  
  29  2:42  Stalker  
  31  2:55  Shield Battery  
  32  3:18  Nexus, Oracle (Chrono Boost)  
  31  3:23  Probe  
  35  3:33  Pylon  
  35  3:35  Probe  
  36  3:45  Oracle (Chrono Boost)  
  39  3:51  Probe  
  40  4:00  Shield Battery  
  40  4:03  Probe  
  40  4:08  Twilight Council  
  41  4:15  Probe  
  42  4:25  Sentry, Stalker  
  42  4:28  Shield Battery  
  46  4:32  Pylon  
  46  4:33  Pylon  
  46  4:35  Shield Battery  
  46  4:39  Pylon  
  46  4:43  Gateway  
  46  4:54  Stalker  
  46  4:57  Gateway  
  45  5:13  Gateway  
  33  5:37  Stalker  
  21  5:52  Stalker  

Tags
 
Add a new tag
Caveats
  • Supply blocks, unpowered buildings, or Contaminate may cause inaccurate times.
  • Supply counts are checked every 10 seconds.